 Dungeon Crawl Stone Soup version 0.31.0-12-g77e489cdc1 (webtiles) character file.

Game seed: 15254430801069211395

158 monsoonserge the Ducker (level 5, -3/28 HPs)
             Began as a Spriggan Monk on Feb 19, 2024.
             Slain by an orc wizard
             ... wielding a +4 dagger
              (5 damage)
             ... on level 3 of the Dungeon.
             The game lasted 00:08:50 (2509 turns).

monsoonserge the Ducker (Spriggan Monk)             Turns: 2509, Time: 00:08:51

Health: -3/28      AC:  3    Str:  7    XL:     5   Next: 16%
Magic:  6/6        EV: 19    Int: 12    God:
Gold:   53         SH:  0    Dex: 19    Spells: 4/4 levels left

rFire   . . .        e - +1 sling (flame)
rCold   . . .        (no shield)
rNeg    . . .        b - +0 robe
rPois   +            (helmet restricted)
rElec   .            g - +0 cloak
rCorr   .            (gloves unavailable)
SInv    +            (boots unavailable)
Will    .....        (no amulet)
Stlth   ++           h - ring of poison resistance
HPRegen 0.24/turn    (no ring)
MPRegen 0.10/turn

%: no passive effects
@: very quick
A: very small, no large weapons, unfitting armour, see invisible, speed 3
a: no special abilities


You were on level 3 of the Dungeon.
You visited 1 branch of the dungeon, and saw 3 of its levels.

You collected 53 gold pieces.

Inventory:

Hand Weapons
 a - a +0 short sword
 e - a +1 sling of flaming (weapon)
Missiles
 k - 3 poisoned darts
Armour
 b - a +0 robe (worn)
 g - a +0 cloak (worn)
Jewellery
 h - a ring of poison resistance (left hand)
Wands
 r - a wand of paralysis (7)
Scrolls
 i - a scroll of fear {unknown}
 j - 2 scrolls of amnesia {unknown}
 m - 2 scrolls of blinking {unknown}
 o - a scroll of identify {unknown}
 p - a scroll of teleportation {unknown}
 q - a scroll of poison {unknown}
Potions
 c - 2 potions of ambrosia
 f - 3 potions of curing {unknown}
 l - a potion of heal wounds {unknown}
 n - a potion of mutation {unknown}


   Skills:
 + Level 3.1 Fighting
 - Level 3.3 Short Blades
 * Level 3.8 Ranged Weapons
 + Level 4.4 Dodging
 * Level 1.0 Evocations


You had 4 spell levels left.
You didn't know any spells.
Your spell library was empty.

Dungeon Overview and Level Annotations

Branches:
Dungeon (3/15)

Altars:
Trog

Annotations:
D:3 3 runed translucent doors, hawla's ghost, amateur DEFE


Innate Abilities, Weirdness & Mutations

You are very small and have problems with some larger weapons.
You are too small for most types of armour.
You have supernaturally acute eyesight. (SInv)
You cover ground extremely quickly. (Speed+++)


Message History

Beogh smites you!
Ouch! That really hurt!
The orc wizard completely misses you.
Fire: e) +1 sling (flame)
Press: ? - help, Q - select action, (/) - cycle Shift-Dir - straight line, f/p - orc priest
Aim: an orc priest, wielding a +0 club and wearing a +0 chain mail (69% to hit)
You shoot a sling bullet.
The sling bullet barely misses the orc wizard.
The sling bullet hits the orc priest.
The sling bullet burns the orc priest.
The orc priest is lightly wounded.
The orc wizard barely misses you.
Fire: e) +1 sling (flame)
Press: ? - help, Q - select action, (/) - cycle Shift-Dir - straight line, f/p - orc priest
Aim: an orc priest, wielding a +0 club and wearing a +0 chain mail (lightly wounded, 69% to hit)
You shoot a sling bullet.
The sling bullet hits the orc wizard but does no damage.
The orc wizard is almost dead.
The orc wizard gestures wildly while chanting.
The orc wizard flickers and vanishes for a moment.
Fire: e) +1 sling (flame)
Press: ? - help, Q - select action, (/) - cycle Shift-Dir - straight line, f/p - orc priest
Aim: an orc priest, wielding a +0 club and wearing a +0 chain mail (lightly wounded, 69% to hit)
You shoot a sling bullet.
The sling bullet closely misses the orc wizard.
The sling bullet hits the orc priest.
The sling bullet burns the orc priest.
The orc priest is moderately wounded.
The orc priest invokes the aid of Beogh against you.
Beogh smites you!
* * * LOW HITPOINT WARNING * * *
The orc wizard hits you with a +4 dagger.
* * * LOW HITPOINT WARNING * * *
Fire: e) +1 sling (flame)
Press: ? - help, Q - select action, (/) - cycle Shift-Dir - straight line, f/p - orc priest
Aim: an orc priest, wielding a +0 club and wearing a +0 chain mail (moderately wounded, 69% to hit)
You shoot a sling bullet.
The sling bullet closely misses the orc wizard.
The sling bullet hits the orc priest but does no damage.
The orc priest is moderately wounded.
The orc wizard hits you with a +4 dagger.
You die...

.................+ZZ.$.#....'....
.##########......+WZ..##[...####.
.# #).#.#..#Z....#...## ## .#
#.#######.#.#.#..## # .# #.#
#######.## # ># ##.## #####'## #
.# ##.#.## ##...#.# # ##
##.###.#####......# # #.##
##...@oo..#..## #
##.###.#####.#.#...## # ##.#.##
#..>.....# # ##.## #.#..)...# #
### #.###<...####### #.#
#.......[... #.###..#########
#......# ######.#


You could see an orc priest and an orc wizard (invisible).

Vanquished Creatures
  An orc wizard (D:3)
  6 adders
  A ribbon worm (D:3)
  An orc (D:3)
  6 ball pythons
  10 endoplasms
  7 giant cockroaches
  5 goblins
  4 hobgoblins
  8 kobolds
  5 quokkas
  7 bats
  5 frilled lizards
  9 rats
75 creatures vanquished.

Notes
Turn   | Place    | Note
-------+----------+-------------------------------------------
     0 | D:1      | monsoonserge the Spriggan Monk began the quest for the Orb.
     0 | D:1      | Reached XP level 1. HP: 11/11 MP: 2/2
   125 | D:1      | Reached XP level 2. HP: 16/16 MP: 3/3
   271 | D:1      | Reached skill level 1 in Ranged Weapons
   536 | D:1      | Reached XP level 3. HP: 19/19 MP: 4/4
   984 | D:2      | Found a bloodstained altar of Trog.
  1149 | D:2      | Reached XP level 4. HP: 21/23 MP: 5/5
  1384 | D:3      | Found a runed translucent gate.
  1385 | D:3      | Found a runed translucent gate.
  1385 | D:3      | Found a runed translucent gate.
  1390 | D:3      | Noticed hawla's ghost (amateur DEFE)
  2229 | D:3      | Reached skill level 1 in Evocations
  2385 | D:3      | Reached XP level 5. HP: 26/28 MP: 6/6
  2509 | D:3      | Slain by an orc wizard

Illustrated notes

Levels and vault maps discovered:
D:1:      roderic_octagonal_star, layout_loops_cross
D:2:      minmay_alternating_diamond, layout_loops_ring, basic_altar,
          nicolae_the_louvre
D:3:      layout_loops_corners, gammafunk_ghost_necromancy,
          chequers_serial_rivers_marsh, eino_tiny_chamber

Skill      XL: |  1  2  3  4 |
---------------+-------------+-----
Ranged Weapons | 1 2 3 |  3.8
Fighting       | 3 |  3.1
Evocations     | 1 |  1.0
Short Blades   | |  3.3
Dodging        | |  4.4

Action                     |  1- 3 |  4- 6 || total
---------------------------+-------+-------++-------
  Melee: Short sword       |     4 |       ||     4
   Fire: Sling             |   103 |   101 ||   204
 Armour: Robe              |    10 |    21 ||    31
  Dodge: Dodged            |    38 |    29 ||    67
